Match 45919865
Unlisted

Match 45919865
End
Selects Airborne Battlegroup
Selects Heavy Machine Gun Paradrop
Heavy Machine Gun Paradrop
Construct Weapon Support Center
Bazooka Squad
Heavy Machine Gun Paradrop
Mechanized Support Center
Selects Paratrooper Squad Paradrop
Paratrooper Squad Paradrop
Paratrooper Squad Paradrop
Selects Recon Loiter
Paratrooper Squad Paradrop
Selects Supply Drop
Construct Tank Depot
Supply Drop
Recon Loiter
M4A1 Sherman Medium Tank
Improvised Armor
Recon Loiter
Selects Anti-tank Gun Team Paradrop
Anti-tank Gun Team Paradrop
M4A1 Sherman Medium Tank
Designate Forward Repair Station
M4A1 76mm Conversion
Recon Loiter
M4A1(76) Sherman Medium Tank
Recon Loiter
Supply Drop
Designate Forward Repair Station
Improved M9 Bazooka Rockets
Selects Carpet Bombing Run
Recon Loiter
Carpet Bombing Run
M4A1(76) Sherman Medium Tank
Recon Loiter
JDG
띠우닝
디카페인도좋아
Papa Smurf
波菜
CUI
JT
子清
0
0

Comments sign in to comment!

No comments posted yet!